Map: Blackburn LE

Players

Probe - Winner!

  • Race: Protoss Protoss

Demi

  • Race: Zerg Zerg
  • League: Grandmaster

Event: DreamHack SC2 Masters 2021 Summer

VOD

Have the link to the VOD?

Description

Time

  • Played on: May 19, 2021, 5:53 a.m.
  • Length: 6:07

All games in this series

Show
View Real Time Build Order
Export as new Build Order

Probe Protoss - Winner!

Build Orders: 1 Gate Expand, Mass Adepts 

Get SALT Encoding   

  12  0:00  Probe  
  13  0:12  Probe  
  14  0:20  Pylon  
  14  0:24  Probe  
  15  0:38  Probe (Chrono Boost)  
  16  0:44  Gateway  
  16  0:48  Probe (Chrono Boost)  
  17  0:53  Probe (Chrono Boost), Assimilator  
  18  1:04  Probe  
  19  1:16  Probe  
  20  1:25  Nexus  
  20  1:36  Cybernetics Core  
  20  1:39  Probe  
  21  1:46  Assimilator  
  21  1:51  Probe  
  22  1:54  Pylon  
  22  2:03  Probe (Chrono Boost)  
  23  2:10  Adept (Chrono Boost)  
  23  2:14  Warp Gate  
  23  2:15  Probe (Chrono Boost)  
  26  2:24  Probe (Chrono Boost)  
  26  2:26  Twilight Council  
  26  2:29  Probe  
  27  2:31  Adept (Chrono Boost)  
  30  2:38  Probe  
  30  2:43  Probe  
  32  2:50  Probe  
  33  2:51  Robotics Facility  
  33  2:55  Probe  
  34  3:02  Probe  
  34  3:03  Stalker (Chrono Boost)  
  37  3:07  Probe  
  37  3:11  Gateway  
  38  3:22  Gateway  
  38  3:25  Probe  
  38  3:26  Gateway, Resonating Glaives (Chrono Boost)  
  39  3:33  Probe  
  40  3:38  Probe  
  41  3:44  Warp Prism  
  41  3:45  Probe  
  44  3:50  Pylon  
  44  3:52  Probe  
  45  3:56  Pylon  
  45  4:03  Probe  
  45  4:06  Pylon  
  45  4:08  Probe, Adept x2  
  51  4:16  Probe  
  52  4:19  Adept  
  52  4:21  Pylon, Adept  
  52  4:22  Probe  
  52  4:24  Observer  
  58  4:30  Pylon  
  59  4:31  Probe  
  59  4:41  Adept  
  59  4:42  Adept x3  
  66  4:45  Assimilator  
  66  4:47  Probe x2  
  66  4:59  Probe x2  
  66  5:04  Adept x4  
  70  5:11  Probe  
  70  5:12  Probe  
  70  5:23  Probe  
  70  5:26  Adept x4  
  70  5:28  Probe  
  80  5:33  Pylon  
  80  5:39  Probe  
  80  5:41  Probe  
  82  5:43  Nexus  
  82  5:49  Adept x2  
Show
View Real Time Build Order
Export as new Build Order

Demi Zerg 

Build Orders: Hatch First 

Get SALT Encoding   

  12  0:00  Drone  
  13  0:12  Overlord  
  13  0:18  Drone  
  14  0:30  Drone x2  
  16  0:48  Hatchery  
  15  0:52  Drone  
  15  0:55  Drone  
  17  0:58  Drone  
  18  1:09  Extractor  
  17  1:15  Spawning Pool  
  17  1:18  Drone  
  17  1:21  Drone  
  18  1:28  Drone  
  19  1:38  Drone  
  20  1:49  Overlord  
  20  2:02  Queen x2  
  20  2:03  Zergling x4  
  26  2:11  Drone x2  
  26  2:14  Metabolic Boost  
  28  2:24  Drone x2  
  30  2:38  Hatchery  
  30  2:39  Drone  
  30  2:44  Drone  
  31  2:45  Drone  
  31  2:50  Overlord  
  32  2:59  Queen  
  32  3:02  Zergling x4  
  36  3:11  Zergling x2  
  36  3:12  Drone x3  
  40  3:14  Overlord  
  40  3:19  Drone x2  
  42  3:20  Drone  
  43  3:30  Overlord x2  
  43  3:37  Queen  
  43  3:41  Drone x3  
  48  3:50  Drone, Roach Warren  
  48  3:52  Drone x2  
  48  3:54  Drone  
  51  3:58  Drone x2  
  54  4:02  Drone  
  54  4:06  Overlord  
  54  4:08  Zergling x2  
  55  4:10  Zergling x6  
  55  4:16  Queen  
  60  4:19  Overlord  
  60  4:21  Zergling x2  
  61  4:25  Zergling x4  
  61  4:26  Zergling x2  
  64  4:35  Zergling x2  
  64  4:36  Zergling x12  
  71  4:41  Spore Crawler  
  71  4:43  Spore Crawler  
  71  4:44  Spore Crawler  
  67  4:48  Drone x3  
  68  4:53  Roach  
  68  4:54  Roach x2  
  72  5:04  Zergling x4  
  72  5:05  Zergling x10  
  69  5:09  Zergling x2  
  63  5:15  Zergling x2  
  63  5:21  Queen  
  63  5:23  Zergling x6  
  60  5:30  Roach x2  
  63  5:40  Drone x2  
Tags
 
Add a new tag
Caveats
  • Supply blocks, unpowered buildings, or Contaminate may cause inaccurate times.
  • Supply counts are checked every 10 seconds.